 Dungeon Crawl Stone Soup version 0.28.0-53-g5a82cb258f (webtiles) character file.

Game seed: 2331013350576555336

3740 issech the Cleaver (level 9, 0/72 HPs)
             Began as a Minotaur Monk on June 9, 2022.
             Was a Priest of Hepliaklqana.
             Succumbed to a tengu warrior's poison
             ... on level 8 of the Dungeon.
             The game lasted 00:29:30 (8046 turns).

issech the Cleaver (Minotaur Monk)                  Turns: 8046, Time: 00:29:30

Health: 0/72       AC: 19    Str: 16    XL:     9   Next: 93%
Magic:  8/8        EV: 25    Int:  7    God:    Hepliaklqana [***...]
Gold:   428        SH:  0    Dex: 23    Spells: 8/8 levels left

rFire   . . .      SeeInvis .   d - +7 battleaxe "Killer Klown's Doom" {freeze, *Corrode Fly rPois Will++}
rCold   . . .      Faith    .   (shield currently unavailable)
rNeg    . . .      Spirit   .   E - +4 chain mail
rPois   +          Reflect  .   (helmet restricted)
rElec   .          Harm     .   q - +2 cloak
rCorr   .          Rampage  .   (no gloves)
Will    ++...                   y - +0 pair of boots
Stlth   ..........              z - amulet of the acrobat
HPRegen 0.22/turn               C - +6 ring of dexterity
MPRegen 0.11/turn               (no ring)

@: lethally poisoned (0 -> -12), acrobatic, flying
A: reduced essence, horns 2, retaliatory headbutt
a: Renounce Religion, Recall Ancestor, Ancestor Identity, Transference


You were on level 8 of the Dungeon.
You worshipped Hepliaklqana.
Hepliaklqana was most pleased with you.
You visited 2 branches of the dungeon, and saw 10 of its levels.

You collected 428 gold pieces.

Inventory:

Hand Weapons
 d - the +7 battleaxe "Killer Klown's Doom" (weapon) {freeze, *Corrode Fly rPois Will++}
   (You acquired it on level 5 of the Dungeon)

   It freezes those it strikes, dealing additional cold damage.
   It can also slow down cold-blooded creatures.
   rPois:     It protects you from poison.
   Fly:       It grants you flight.
   *Corrode:  It may corrode you when you take damage.
   Will:      It greatly increases your willpower.
 j - a +0 war axe
 t - a +0 hunting sling
 u - a +2 dagger of venom
 S - a +3 vorpal morningstar
 U - the +1 spear "Kyoxoka" {protect, Str+3 Int+4 Dex+2}
   (You found it on level 7 of the Dungeon)

   It grants its wielder temporary protection when it strikes (+7 to AC).
   Str:       It affects your strength (+3).
   Int:       It affects your intelligence (+4).
   Dex:       It affects your dexterity (+2).
Missiles
 g - 157 stones (quivered)
 m - 122 arrows
 n - 68 bolts
 o - 3 boomerangs
 s - 18 poisoned darts
 v - 37 sling bullets
 F - a silver boomerang
 N - 4 atropa-tipped darts
Armour
 p - a +0 troll leather armour
 q - a +2 cloak (worn)
 y - a +0 pair of boots (worn)
 E - a +4 chain mail (worn)
 R - a +0 plate armour
Jewellery
 z - an amulet of the acrobat (around neck)
 C - a +6 ring of dexterity (left hand)
Wands
 i - a wand of iceblast (23)
 A - a wand of paralysis (13)
 J - a wand of charming (1)
 W - a wand of flame (16)
Scrolls
 a - a scroll of amnesia
 r - a scroll of fear
 w - 2 scrolls of magic mapping
 x - 2 scrolls of enchant weapon
 B - 4 scrolls of teleportation
 D - a scroll of summoning
 L - 2 scrolls of enchant armour
 T - 2 scrolls of blinking {unknown}
Potions
 b - 4 potions of magic {unknown}
 c - a potion of berserk rage {unknown}
 e - 2 potions of attraction {unknown}
 f - 4 potions of curing {unknown}
 h - 6 potions of brilliance {unknown}
 k - a potion of haste {unknown}
 l - a potion of might {unknown}
 X - a potion of cancellation {unknown}


   Skills:
 + Level 8.0 Fighting
 + Level 13.1 Axes
 + Level 0.2 Throwing
 + Level 7.5 Armour
 + Level 4.8 Dodging
 + Level 2.1 Stealth


You had 8 spell levels left.
You didn't know any spells.
Your spell library contained the following spells:

 Spells                   Type           Power      Damage    Failure   Level
 Slow                     Hex            0%         N/A       99%         1
 Corpse Rot               Necr/Air       0%         N/A       100%        2
 Poisonous Vapours        Pois/Air       0%         N/A       100%        2
 Sublimation of Blood     Necr           0%         N/A       100%        2
 Wereblood                Tmut           0%         N/A       100%        2
 Confusing Touch          Hex            0%         N/A       100%        3
 Frozen Ramparts          Ice            0%         1d2       100%        3
 Vampiric Draining        Necr           0%         2d6       100%        3
 Ice Form                 Ice/Tmut       0%         N/A       100%        4
 Summon Ice Beast         Ice/Summ       0%         N/A       100%        4
 Alistair's Intoxication  Tmut/Pois      0%         N/A       100%        5
 Borgnjor's Vile Clutch   Necr/Erth      0%         N/A       100%        5
 Freezing Cloud           Conj/Ice/Air   0%         6-21      100%        5
 Eringya's Noxious Bog    Tmut/Pois      0%         N/A       100%        6
 Simulacrum               Ice/Necr       0%         N/A       100%        6
 Summon Hydra             Summ           0%         N/A       100%        7
 Polar Vortex             Ice            0%         N/A       100%        9


Dungeon Overview and Level Annotations

Branches:
Dungeon (9/15)             Temple (1/1) D:4            Lair (0/6) D:8
    Orc: D:9-12

Altars:
Cheibriados
Dithmenos
Elyvilon
Fedhas
Gozag
Hepliaklqana
Makhleb
Nemelex Xobeh
Okawaru
Qazlal
Ru
Sif Muna
Trog
Vehumet
Wu Jian
Zin
The Shining One

Shops:
D:3 =   D:9 !=


Innate Abilities, Weirdness & Mutations

Your life essence is reduced to manifest your ancestor. (-10% HP)
You have a pair of horns on your head.
You reflexively headbutt those who attack you in melee.


Message History

The tengu warrior pecks you but does no damage.
The tengu warrior claws you but does no damage.
The tengu warrior hits you but does no damage.
The tengu warrior pecks you but does no damage.
The tengu warrior claws you but does no damage.
There is a stone staircase leading up, spattered with blood here.
The tengu warrior hits you with a +0 bardiche of venom!
You are poisoned.
The tengu warrior barely misses you. The tengu warrior claws you.
You fly upwards.
You feel very sick.
There is a stone staircase leading down here.
You hit the tengu warrior. You freeze the tengu warrior.
Your headbutt misses the tengu warrior.
The tengu warrior is lightly wounded.
You feel very sick.
The tengu warrior hits you but does no damage.
The tengu warrior pecks you but does no damage.
The tengu warrior claws you but does no damage.
Stanko closely misses the tengu warrior.
You hit the tengu warrior. You freeze the tengu warrior.
You headbutt the tengu warrior, but do no damage.
The tengu warrior is lightly wounded.
You feel sick.
The tengu warrior hits you with a +0 bardiche of venom!
You are more poisoned.
The tengu warrior closely misses you. x2
Stanko barely misses the tengu warrior.
You feel very sick.
The tengu warrior completely misses you.
Stanko misses the tengu warrior.
* * * LOW HITPOINT WARNING * * *
You feel very sick.
The tengu warrior hits you from afar with a +0 bardiche of venom!
* * * LOW HITPOINT WARNING * * *
Stanko closely misses the tengu warrior.
* * * LOW HITPOINT WARNING * * *
You feel very sick.
Stanko hits the tengu warrior with a +0 quarterstaff.
You die...

#######################
#.....................#
##########......@..............#
...##.......>Q.)...............#
####....#....R.................#
.# ♣....#.#########............#
.##♣♣...#.# #............#
..#♣....#.# #............#
####....#.# #............#
#####.....# #............#
.##.####..# #..[.........#


You could see the friendly Stanko the battlemage and a tengu warrior (ally
target).

Vanquished Creatures
  Pikel (D:6)
  Edmund (D:5)
  2 orc warriors
  A sky beast (D:7)
  An ice beast (D:6)
  2 necrophages (D:7)
  A centaur (D:7)
  A lemure (D:7)
  A phantom (D:6)
  2 bullfrogs
  9 scorpions
  2 water moccasin skeletons
  A wyvern skeleton (D:5)
  3 wights (D:8)
  A howler monkey (D:4)
  A jelly (D:7)
  3 bullfrog zombies
  3 orc priests
  A hound (D:6)
  2 iguanas
  4 orc wizards
  A hound zombie (D:5)
  2 hound skeletons
  A howler monkey zombie (D:9)
  Robin (D:4)
  11 adders
  5 gnolls (D:8)
  A white imp (D:7)
  2 ufetubi (D:5)
  An adder zombie (D:5)
  A worm (D:2)
  7 dart slugs
  27 orcs
  7 ball pythons
  6 endoplasms
  2 giant cockroaches (D:2)
  16 goblins
  6 hobgoblins
  7 jackals
  2 quokkas (D:2)
  14 bats
  2 frilled lizards
  8 kobolds
  2 rats (D:3)
175 creatures vanquished.

Vanquished Creatures (collateral kills)
  A troll (D:9)
  Sigmund (D:6)
  An orc warrior (D:8)
  A centaur (D:8)
  A lemure (D:6)
  A scorpion (D:6)
  A wight (D:8)
  A gnoll shaman (D:8)
  3 orc wizards
  An orc (D:8)
12 creatures vanquished.

Vanquished Creatures (others)
  An orc wizard (D:4)
  2 battlemagi
  14 fungi (D:6)
17 creatures vanquished.

Grand Total: 204 creatures vanquished

Notes
Turn   | Place    | Note
-------+----------+-------------------------------------------
     0 | D:1      | issech the Minotaur Monk began the quest for the Orb.
     0 | D:1      | Reached XP level 1. HP: 19/19 MP: 0/0
   271 | D:1      | Reached XP level 2. HP: 19/27 MP: 1/1
   434 | D:1      | Reached skill level 4 in Axes
   820 | D:1      | Found a faded altar of an unknown god.
  1168 | D:2      | Reached XP level 3. HP: 34/34 MP: 2/2
  1247 | D:2      | Reached skill level 1 in Armour
  1517 | D:3      | Found a shimmering blue altar of Sif Muna.
  1607 | D:3      | Reached XP level 4. HP: 41/41 MP: 3/3
  1652 | D:3      | Found Feut's Jewellery Boutique.
  2118 | D:4      | Found a staircase to the Ecumenical Temple.
  2120 | D:4      | Noticed a scorpion
  2127 | Temple   | Entered the Ecumenical Temple
  2203 | Temple   | Killed a scorpion
  2204 | Temple   | Reached skill level 5 in Axes
  2204 | Temple   | Reached XP level 5. HP: 42/47 MP: 4/4
  2263 | D:4      | Noticed Robin
  2269 | D:4      | Killed Robin
  2381 | D:4      | Reached skill level 5 in Fighting
  2527 | D:4      | Found a glowing silver altar of Zin.
  2692 | D:4      | Reached XP level 6. HP: 50/56 MP: 5/5
  2729 | D:4      | You fall into a shaft and drop 3 floors!
  2785 | D:6      | Noticed Pikel
  2807 | D:6      | Reached skill level 6 in Axes
  3142 | D:6      | Noticed an ice beast
  3146 | D:5      | Entered Level 5 of the Dungeon
  3582 | D:4      | Reached skill level 7 in Axes
  3582 | D:4      | Reached XP level 7. HP: 59/61 MP: 6/6
  3980 | D:5      | Identified a scroll of acquirement
  3982 | D:5      | Acquired the +7 battleaxe "Killer Klown's Doom" {freeze,
                  | *Corrode Fly rPois Will++}
  4107 | D:5      | Noticed Edmund
  4167 | D:5      | Reached skill level 8 in Axes
  4176 | D:5      | Killed Edmund
  4492 | D:6      | Reached skill level 5 in Armour
  4492 | D:6      | Reached XP level 8. HP: 70/70 MP: 7/7
  4507 | D:6      | Reached skill level 9 in Axes
  4747 | D:6      | Found a hazy altar of Hepliaklqana.
  4755 | D:6      | Became a worshipper of Hepliaklqana the Forgotten
  4755 | D:6      | Reached * piety under Hepliaklqana
  4755 | D:6      | Reached ** piety under Hepliaklqana
  4756 | D:6      | Remembered your ancestor Stanko as a battlemage
  4762 | D:6      | Found a blossoming altar of Fedhas.
  4783 | D:6      | Killed Pikel
  4784 | D:6      | Reached skill level 10 in Axes
  4979 | D:6      | Noticed Sigmund
  4996 | D:6      | Killed Sigmund
  4997 | D:6      | Reached skill level 11 in Axes
  5078 | D:6      | Reached XP level 9. HP: 63/70 MP: 8/8
  5776 | D:7      | Reached skill level 12 in Axes
  6049 | D:7      | Identified the +1 spear "Kyoxoka" {protect, Str+3 Int+4
                  | Dex+2}
  6236 | D:8      | Found a radiant altar of Vehumet.
  6962 | D:8      | Found a staircase to the Lair.
  7030 | D:8      | Reached *** piety under Hepliaklqana
  7530 | D:9      | Found Ogyhar's Jewellery Shop.
  7530 | D:9      | Noticed a troll
  7538 | D:9      | Killed a troll
  7539 | D:9      | Reached skill level 13 in Axes
  7642 | D:9      | Found Etaphe's Distillery.
  7897 | D:9      | Noticed a tengu warrior
  7897 | D:9      | Noticed a tengu warrior
  8045 | D:8      | HP: 3/72 [poisoned by a tengu warrior]
  8046 | D:8      | Succumbed to a tengu warrior's poison

Illustrated notes

Levels and vault maps discovered:
D:1:      dpeg_arrival_tiny_a, layout_rooms, nicolae_ecumenical_lake_church,
          chequers_serial_rivers_micro_c, serial_bayou_pond_e,
          kennysheep_crisscross
D:2:      layout_rooms, st_stairs_14, item_on_display_a
D:3:      layout_basic, nicolae_sif_muna_little_library, serial_glass,
          glass_columns_c, glass_columns_a, glass_columns_a, glass_columns_b,
          glass_columns_a, glass_columns_a, glass_columns_c, glass_columns_a,
          glass_columns_b, glass_columns_a, serial_shops, shop,
          minmay_misc_feat_doors
D:4:      layout_loops_ring, old_standard_altar, minmay_temple_entry_junction,
          uniq_robin
D:5:      layout_basic, uniq_edmund
D:6:      old_forge, layout_basic, fedhas_altar_2, general_overflow_altar,
          minivault_22, uniq_pikel, uniq_sigmund
D:7:      layout_loops_ring
D:8:      layout_basic, vehumet_altar_wand_db, lair_entry_dummy, kennysheep_nub
D:9:      layout_roguey, nicolae_uskayaw_dance_hall, led_xom_imps,
          gammafunk_temple_overflow_claw, serial_shops,
          nicolae_shop_statue_plus, kennysheep_mini,
          nicolae_shop_competitors_out_of_business
Temple:   nicolae_temple_no_exploring_needed

Skill      XL: |  1  2  3  4  5  6  7  8  9 |
---------------+----------------------------+-----
Fighting       | 4 5 6 8 |  8.0
Axes           | 4 5 7 8 11 13 | 13.1
Armour         | 1 2 3 5 7 |  7.5
Dodging        | 4 |  4.8
Stealth        | 2 |  2.1
Throwing       | |  0.2

Action                   |  1- 3 |  4- 6 |  7- 9 || total
-------------------------+-------+-------+-------++-------
Melee: Hand axe          |    51 |       |       ||    51
       Headbutt          |    16 |    18 |    38 ||    72
       War axe           |    31 |   114 |    10 ||   155
       Punch             |     1 |     2 |       ||     3
       Battleaxe         |       |       |   184 ||   184
Throw: Stone             |       |       |     2 ||     2
Invok: Ancestor Life: Ba |       |       |     1 ||     1
  Use: Scroll            |       |     5 |     9 ||    14
 Stab: Distracted        |       |       |     1 ||     1
       Held in net/web   |       |       |     1 ||     1
Armor: Robe              |     3 |       |       ||     3
       Ring mail         |     4 |       |       ||     4
       Scale mail        |    24 |    63 |     2 ||    89
       Chain mail        |       |       |   104 ||   104
Dodge: Dodged            |    51 |    71 |   108 ||   230
